 Dungeon Crawl Stone Soup version 0.20.1-1-g8b1a95d (console) character file.

16 hilaritas the Caller (level 2, -2/13 HPs)
             Began as a Vine Stalker Summoner on Nov 10, 2017.
             Slain by a hobgoblin
             ... wielding a +0 hand axe
              (4 damage)
             ... on level 1 of the Dungeon.
             The game lasted 00:03:44 (709 turns).

hilaritas the Caller (Vine Stalker Summoner)         Turns: 709, Time: 00:03:44

Health: -2/13      AC:  2    Str: 10    XL:     2   Next: 54%
Magic:  0/6        EV: 12    Int: 15    God:
Gold:   10         SH:  0    Dex: 14    Spells: 4/5 levels left

rFire    . . .     SeeInvis .   f - -3 dagger (curse)
rCold    . . .     Gourm    .   (no shield)
rNeg     . . .     Faith    .   a - +0 robe
rPois    .         Spirit   +   (no helmet)
rElec    .         Reflect  .   (no cloak)
rCorr    .         Harm     .   (no gloves)
MR       .....                  (no boots)
Stlth    ++........             (no amulet)
Regen    0.1/turn               (no ring)
MPRegen  0.1/turn               (no ring)

@: no status effects
A: fangs 2, magic shield, antimagic bite, no potion heal 3, rot immunity
a: no special abilities


You were on level 1 of the Dungeon.
You were not hungry.

You visited 1 branch of the dungeon, and saw 1 of its levels.

You collected 10 gold pieces.

Inventory:

Hand Weapons
 f - a cursed -3 dagger (weapon)
Armour
 a - a +0 robe (worn)
Scrolls
 d - a scroll of identify {unknown}
 g - a scroll of fear {unknown}
Potions
 e - a potion of haste {unknown}
Books
 b - a book of Callings

   Spells                             Type                      Level
   a - Summon Small Mammal            Summoning                    1
   b - Call Imp                       Summoning                    2
   c - Call Canine Familiar           Summoning                    3
   d - Summon Guardian Golem          Hexes/Summoning              3
   e - Summon Lightning Spire         Summoning/Air                4
   f - Summon Ice Beast               Ice/Summoning                4
Comestibles
 c - a bread ration


   Skills:
 - Level 1.5 Dodging
 - Level 2.4 Stealth
 * Level 2.4 Spellcasting
 * Level 4.5 Summonings


You had 4 spell levels left.
You knew the following spells:

 Your Spells              Type           Power        Failure   Level  Hunger
a - Summon Small Mammal   Summ           ###.         3%          1    #......


Dungeon Overview and Level Annotations

Branches:
Dungeon (1/15)

Altars:


Innate Abilities, Weirdness & Mutations

You have extremely sharp teeth.
When hurt, damage is shared between your health and your magic reserves.
Your bite disrupts and absorbs the magic of your enemies.
Potions cannot restore your health.
You are immune to rotting.


Message History

You drain its power.
You feel invigorated.
You kill the hobgoblin!
You hit the hobgoblin but do no damage. Your bite misses the hobgoblin.
Your bat closely misses the hobgoblin.
Your bat hits the hobgoblin but does no damage.
Your rat barely misses the hobgoblin.
The hobgoblin hits you with a hand axe.
* * * LOW HITPOINT WARNING * * *
The hobgoblin hits your rat with a hand axe.
Your rat dies!
Your rat's corpse disappears in a puff of smoke!
You hit the hobgoblin but do no damage.
Your bat hits the hobgoblin but does no damage.
The hobgoblin drinks a potion.
The hobgoblin seems to grow stronger.
You hit the hobgoblin but do no damage.
Your bat barely misses the hobgoblin. x2
The hobgoblin misses you.
The hobgoblin hits your bat with a hand axe!
Your bat dies!
Your bat's corpse disappears in a puff of smoke!
You hit the hobgoblin but do no damage. The hobgoblin hits you with a hand axe.
You die...

#....# #.# #.....
#....# #.# #.####
#...÷###.# ##'###
#........# #....##
.#......÷[# #....'.
#..........# #....##
##.........# ######..
#.#######.# ....# #.#
###(##### #.# ....# #.#
#.....§§###.#..g..# #.#
#.....@.....#.....# #.#
#.....g.#..('.....' ..#
####'##†###(#.....#####
#. #..((.########... ##
####†......# #.##
#.......# #.##
#.......# #...
##.########### #.#
#......## #.# #.####...
##'###.## ####


You could see a hobgoblin.

Vanquished Creatures
  2 giant cockroaches (D:1)
  A hobgoblin (D:1)
  A ball python (D:1)
  A kobold (D:1)
  A rat (D:1)
6 creatures vanquished.

Vanquished Creatures (collateral kills)
  2 leopard geckos (D:1)
  2 goblins (D:1)
  7 jackals (D:1)
  A frilled lizard (D:1)
12 creatures vanquished.

Grand Total: 18 creatures vanquished

Notes
Turn   | Place    | Note
-------+----------+-------------------------------------------
     0 | D:1      | hilaritas the Vine Stalker Summoner began the quest for the Orb.
     0 | D:1      | Reached XP level 1. HP: 9/9 MP: 4/4
   320 | D:1      | Reached XP level 2. HP: 5/13 MP: 4/6
   709 | D:1      | Slain by a hobgoblin

Action                   || total
-------------------------++-------
Melee: Unarmed           ||    14
       Bite              ||     8
       Dagger            ||     8
 Cast: Summon Small Mamm ||    23
 Stab: Sleeping          ||     1
Armor: Robe              ||     3
Dodge: Dodged            ||    19
